 Dungeon Crawl Stone Soup version 0.26-b1-32-g5d43845318 (webtiles) character file.

Game seed: 2227607861559403358

3178 Borgoz the Basher (level 9, -4/56 HPs)
             Began as a Gargoyle Gladiator on Jan 10, 2021.
             Slain by an orc warrior
             ... wielding a cursed -2 halberd
              (13 damage)
             ... on level 8 of the Dungeon.
             The game lasted 00:12:49 (7889 turns).

Borgoz the Basher (Gargoyle Gladiator)              Turns: 7889, Time: 00:12:50

Health: -4/56      AC: 16    Str: 18    XL:     9   Next: 95%
Magic:  9/9        EV: 14    Int:  9    God:
Gold:   562        SH:  8    Dex: 14    Spells: 8/8 levels left

rFire    + . .     SeeInvis .   q - +0 morningstar
rCold    . . .     Faith    .   k - +0 buckler
rNeg     + . .     Spirit   .   g - +0 ring mail
rPois    ∞         Reflect  +   c - +0 helmet
rElec    +         Harm     .   e - +1 cloak
rCorr    .         Rampage  .   (no gloves)
Will     .....                  (no boots)
Stlth    +.........             a - amulet of reflection
HPRegen  0.18/turn              y - ring of protection from fire
MPRegen  0.11/turn              (no ring)

@: no status effects
A: negative energy resistance 1, electricity resistance, unbreathing,
petrification resistance, miasma immunity, AC +6
a: no special abilities


You were on level 8 of the Dungeon.
You visited 2 branches of the dungeon, and saw 9 of its levels.
You also visited: Sewer.

You collected 562 gold pieces.

Inventory:

Hand Weapons
 q - a +0 morningstar (weapon)
Armour
 c - a +0 helmet (worn)
 e - a +1 cloak (worn)
 g - a +0 ring mail (worn)
 k - a +0 buckler (worn)
Jewellery
 a - an amulet of reflection (around neck)
 t - an uncursed ring of flight
 u - an uncursed ring of ice
 y - a ring of protection from fire (left hand)
Wands
 d - a wand of flame (7)
 n - a wand of disintegration (34)
 p - a wand of iceblast (7)
Scrolls
 b - 2 scrolls of random uselessness {unknown}
 h - 4 scrolls of remove curse
 i - 2 scrolls of fog
 m - a scroll of magic mapping {unknown}
 o - 3 scrolls of enchant armour
 r - 3 scrolls of teleportation
 v - a scroll of summoning {unknown}
 w - 2 scrolls of enchant weapon
 x - 2 scrolls of amnesia {unknown}
 A - a scroll of identify
Potions
 j - a potion of brilliance
 l - a potion of flight
 s - a potion of magic
 z - a potion of might {unknown}


   Skills:
 + Level 6.4 Fighting
 * Level 8.5 Maces & Flails
 - Level 1.7 Throwing
 + Level 5.7 Armour
 * Level 7.0 Dodging


You had 8 spell levels left.
You didn't know any spells.
Your spell library contained the following spells:

 Spells                   Type           Power        Failure   Level
 Cause Fear               Hex            0%           100%        4
 Silence                  Hex/Air        0%           100%        5
 Yara's Violent Unravell  Hex/Tmut       0%           100%        5
 Discord                  Hex            0%           100%        8


Dungeon Overview and Level Annotations

Branches:
Dungeon (8/15)             Temple (1/1) D:7           Sewer (visited)
   Lair: D:8-11

Altars:
Ashenzari
Cheibriados
Dithmenos
Elyvilon
Fedhas
Gozag
Hepliaklqana
Kikubaaqudgha
Makhleb
Nemelex Xobeh
Okawaru
Qazlal
Ru
Sif Muna
Trog
Uskayaw
Vehumet
Wu Jian
Xom
Yredelemnul
Zin
The Shining One


Innate Abilities, Weirdness & Mutations

You are resistant to torment.
Your stone body is resilient. (AC +6)
You are immune to poison.
You resist negative energy. (rN+)
You are resistant to electric shocks. (rElec)
You can survive without breathing.
You are immune to petrification.
You are immune to miasma.


Message History

You thump the orc warrior!
The orc warrior is heavily wounded.
The orc warrior misses you.
You closely miss the orc warrior.
The orc warrior is heavily wounded.
The orc warrior closely misses you.
You hit the orc warrior.
The orc warrior is severely wounded.
The orc warrior misses you.
You closely miss the orc warrior.
The orc warrior is severely wounded.
The orc warrior hits you with a cursed -2 halberd.
You closely miss the orc warrior.
The orc warrior is severely wounded.
The orc warrior hits you with a cursed -2 halberd!
* * * LOW HITPOINT WARNING * * *
You hit the orc warrior but do no damage.
The orc warrior is severely wounded.
The orc warrior hits you with a cursed -2 halberd!
You die...

#. ## #.... ### .##
#....###.## ...# ##..#.....#
..... #...#...(.##.....
##?...............
##..........o.......[. ..#
##....#.....@........... ..#
#.....#......##.........###..
##.......(?......... ........
##...##..............#
#...... #......†............
..#......
##..................
......... ##.....#......#....
...(..... #......##../..#....
.........
#####.................
.......#)


You could see an orc warrior.

Vanquished Creatures
  Pikel (D:4)
  Sigmund (D:5)
  Eustachio (D:5)
  Purgy (Sewer)
  4 ice beasts
  An orc warrior (D:8)
  A necrophage (D:6)
  2 phantoms
  5 ogres
  A centaur (D:7)
  A lemure (D:4)
  2 big kobolds
  2 bullfrogs
  A wyvern skeleton (D:8)
  2 scorpions
  A centaur zombie (D:5)
  2 hounds (D:5)
  3 orc wizards
  Crazy Yiuf (D:7)
  2 orc priests
  A centaur skeleton (D:7)
  Terence (D:3)
  2 iguanas (D:6)
  3 worker ants
  A hound skeleton (D:6)
  12 adders
  A river rat (D:3)
  A white imp (D:8)
  An ufetubus (D:6)
  An ooze (D:5)
  An adder skeleton (D:5)
  4 worms (D:2)
  2 dart slugs
  7 leopard geckos
  20 orcs
  3 ball pythons
  6 giant cockroaches
  4 goblins
  10 hobgoblins
  2 jackals (D:2)
  22 kobolds
  2 quokkas
  9 bats
  5 frilled lizards
  A jackal skeleton (D:6)
  A leopard gecko skeleton (D:8)
  3 rats
161 creatures vanquished.

Notes
Turn   | Place    | Note
-------+----------+-------------------------------------------
     0 | D:1      | Borgoz the Gargoyle Gladiator began the quest for the Orb.
     0 | D:1      | Reached XP level 1. HP: 12/12 MP: 1/1
   222 | D:1      | Reached XP level 2. HP: 13/17 MP: 2/2
   955 | D:1      | Reached XP level 3. HP: 22/22 MP: 3/3
  1045 | D:2      | Reached skill level 1 in Armour
  1460 | D:2      | Reached XP level 4. HP: 27/27 MP: 4/4
  2006 | D:3      | Found a glowing drain.
  2033 | D:3      | Reached skill level 4 in Maces & Flails
  2074 | D:3      | Found a faded altar of an unknown god.
  2080 | D:3      | Reached XP level 5. HP: 31/32 MP: 5/5
  2169 | D:3      | Noticed Terence
  2180 | D:3      | Killed Terence
  2225 | Sewer    | Entered a sewer
  2235 | Sewer    | Noticed Purgy
  2259 | Sewer    | Killed Purgy
  2260 | Sewer    | Reached XP level 6. HP: 16/37 MP: 6/6
  2606 | D:3      | Found a glowing silver altar of Zin.
  2928 | D:4      | Noticed Pikel
  2974 | D:4      | Killed Pikel
  2975 | D:4      | Reached skill level 5 in Maces & Flails
  2975 | D:4      | Reached XP level 7. HP: 16/43 MP: 7/7
  3427 | D:4      | Found a glowing silver altar of Zin.
  3429 | D:4      | Found a shimmering altar of Xom.
  3429 | D:4      | Found a shimmering altar of Xom.
  3431 | D:4      | Found a glowing golden altar of the Shining One.
  3431 | D:4      | Found a snail-covered altar of Cheibriados.
  3431 | D:4      | Found an opulent altar of Gozag.
  3746 | D:4      | Reached XP level 8. HP: 48/48 MP: 8/8
  3822 | D:5      | Entered Level 5 of the Dungeon
  3931 | D:5      | Reached skill level 6 in Maces & Flails
  3931 | D:5      | Reached skill level 5 in Dodging
  4419 | D:5      | Reached skill level 5 in Fighting
  4864 | D:5      | Noticed Eustachio
  4897 | D:5      | Killed Eustachio
  5137 | D:5      | Noticed Sigmund
  5142 | D:5      | Killed Sigmund
  5143 | D:5      | Reached skill level 7 in Maces & Flails
  5143 | D:5      | Reached XP level 9. HP: 54/54 MP: 9/9
  6047 | D:7      | Found a runed translucent door.
  6048 | D:7      | Noticed Crazy Yiuf
  6084 | D:7      | Killed Crazy Yiuf
  6115 | D:7      | Found a staircase to the Ecumenical Temple.
  6155 | Temple   | Entered the Ecumenical Temple
  6469 | D:7      | Reached skill level 5 in Armour
  7442 | D:8      | Reached skill level 8 in Maces & Flails
  7889 | D:8      | Slain by an orc warrior

Illustrated notes

Levels and vault maps discovered:
D:1:      onia_arrival_pyramid, layout_basic
D:2:      minmay_spotlight, layout_basic
D:3:      layout_loops_ring, zin_statuary, cheibrodos_sewer_entry_sluice,
          chequers_ecumenical_altar_simple_redux, uniq_terence
D:4:      layout_basic, doesnt_xom_only_xom, uniq_pikel
D:5:      layout_basic, uniq_sigmund, uniq_eustachio
D:6:      layout_cave_pools, serial_column_ruins, column_ruins_hut_ruined,
          column_ruins_courtyard_long, column_ruins_columns_straight,
          column_ruins_columns_water, column_ruins_corridor_straight,
          hangedman_decor_peaks_small
D:7:      layout_loops_cross, minmay_temple_entry_grid, uniq_crazy_yiuf_cottage
D:8:      layout_cave_pools
Temple:   kilobyte_greek_temple

Skill      XL: |  1  2  3  4  5  6  7  8  9 |
---------------+----------------------------+-----
Armour         | 1 2 3 4 5 |  5.7
Dodging        | 3 4 5 7 |  7.0
Fighting       | 3 4 5 6 |  6.4
Maces & Flails | 4 5 7 8 |  8.5
Throwing       | |  1.7

Action                   |  1- 3 |  4- 6 |  7- 9 || total
-------------------------+-------+-------+-------++-------
Melee: Flail             |   101 |    93 |       ||   194
       Morningstar       |       |   100 |   421 ||   521
Throw: Throwing net      |       |     5 |     1 ||     6
  Use: Potion            |       |     5 |     1 ||     6
       Scroll            |       |       |    13 ||    13
 Stab: Held in net/web   |       |     1 |     1 ||     2
Armor: Leather armour    |    42 |       |       ||    42
       Ring mail         |    19 |   103 |   206 ||   328
Dodge: Dodged            |    83 |   143 |   351 ||   577
Block: Other             |       |     7 |    67 ||    74
       Reflection        |       |       |    15 ||    15
       Buckler           |       |       |   133 ||   133
